Map: Orbital Shipyard

Players

Blacklabel

  • Race: Zerg Zerg
  • League: Bronze

Miltreta - Winner!

  • Race: Terran Terran
  • League: Bronze

VOD

Have the link to the VOD?

Description

Time

  • Played on: March 16, 2016, 9:32 a.m.
  • Length: 16:49
Show
View Real Time Build Order
Export as new Build Order

Blacklabel Zerg 

Build Orders: Pool First 

Get SALT Encoding   

  12  0:23  Spawning Pool  
  12  0:25  Drone  
  12  0:27  Drone  
  13  0:35  Overlord  
  13  0:52  Drone  
  13  0:56  Drone  
  15  1:14  Zergling x4  
  17  1:23  Extractor  
  16  1:38  Queen  
  18  1:41  Zergling x4  
  18  1:44  Zergling x2  
  21  2:59  Roach Warren  
  20  3:06  Drone x2  
  20  3:09  Overlord  
  22  3:25  Extractor  
  21  3:42  Drone x4  
  25  4:27  Hatchery  
  25  4:28  Drone  
  25  4:29  Drone x2  
  27  4:52  Drone  
  27  4:53  Drone  
  28  5:21  Overlord x3  
  28  5:22  Overlord x3  
  24  5:53  Roach x2  
  24  5:55  Queen  
  26  6:03  Queen  
  21  6:19  Roach x3  
  27  6:32  Roach x3  
  35  6:33  Roach x3  
  35  6:37  Lair  
  35  6:38  Queen  
  41  7:13  Drone x3  
  44  7:18  Lair  
  44  7:39  Drone x2  
  44  7:40  Drone  
  47  7:46  Glial Reconstitution  
  47  8:00  Drone  
  47  8:01  Drone x4  
  52  8:14  Roach x4  
  52  8:15  Roach  
  61  8:35  Overseer  
  57  8:47  Overseer  
  55  8:52  Queen  
  42  9:23  Drone x3  
  42  9:24  Drone x3  
  42  9:28  Queen x2  
  28  10:04  Queen  
  14  11:52  Drone x3  
  17  11:57  Drone x2  
  17  11:59  Drone  
  20  12:25  Spire  
  19  12:32  Drone  
  19  12:33  Drone  
  21  12:46  Drone  
  21  12:47  Drone x2  
  23  13:18  Drone x4  
  27  13:42  Mutalisk  
  27  13:43  Mutalisk  
  27  13:44  Mutalisk  
  33  13:54  Drone  
  33  13:55  Drone x2  
  36  14:28  Mutalisk  
  36  14:29  Mutalisk  
  40  14:34  Drone x2  
  40  14:35  Drone x3  
  45  14:40  Extractor  
  45  14:43  Extractor  
  43  14:49  Spore Crawler  
  43  14:51  Spore Crawler  
  41  14:56  Spore Crawler  
  40  15:00  Roach x4  
  48  15:27  Pneumatized Carapace  
  48  15:48  Drone x3  
  41  16:29  Hydralisk Den  
Show
View Real Time Build Order
Export as new Build Order

Miltreta Terran - Winner!

Build Orders: Hellion Banshee 

Get SALT Encoding   

  12  0:01  SCV  
  13  0:13  SCV  
  14  0:20  Supply Depot  
  14  0:25  SCV  
  15  0:29  Refinery  
  15  0:45  Barracks  
  15  0:53  Supply Depot  
  15  0:56  SCV  
  16  1:09  SCV  
  17  1:22  SCV  
  18  1:36  Marine  
  19  1:42  Factory  
  19  1:57  Marine  
  20  2:02  Orbital Command  
  20  2:31  Factory Reactor  
  20  2:37  Starport  
  20  2:43  SCV  
  21  2:49  Refinery  
  21  2:56  Marine  
  22  2:58  Command Center  
  22  3:11  SCV  
  23  3:16  Medivac  
  23  3:19  Hellion  
  27  3:22  Hellion  
  29  3:31  SCV  
  30  3:36  Supply Depot  
  30  3:48  SCV  
  31  4:02  SCV  
  32  4:09  Supply Depot  
  32  4:20  Hellion x2  
  32  4:23  Barracks Tech Lab, Starport Tech Lab  
  32  4:42  Hellion x2  
  32  4:44  Banshee  
  39  4:46  Cloaking Field  
  39  4:50  SCV  
  40  5:04  Factory  
  40  5:08  Barracks  
  40  5:09  SCV x2  
  40  5:11  Barracks  
  42  5:27  SCV  
  43  5:30  Hellion x2  
  47  6:09  Hellion x2  
  51  6:16  Marauder  
  51  6:27  Factory Tech Lab  
  52  6:32  SCV  
  52  6:33  SCV  
  52  6:38  Refinery  
  53  6:43  Banshee  
  53  6:45  SCV x2  
  58  6:51  Starport  
  58  6:53  Barracks Tech Lab x2  
  58  6:57  SCV  
  59  7:25  Marauder  
  61  7:34  Supply Depot  
  61  7:36  Supply Depot  
  61  7:39  Supply Depot, Starport Reactor  
  61  7:42  Concussive Shells  
  61  7:45  Infernal Pre-Igniter  
  61  7:47  Command Center  
  61  7:48  Stimpack  
  61  7:56  Marauder x2, Engineering Bay  
  65  7:58  Engineering Bay  
  65  8:11  Marauder  
  67  8:14  Siege Tank  
  67  8:16  Marine  
  67  8:17  Marauder  
  67  8:18  Banshee, Medivac x2  
  68  9:17  Marauder x3  
  58  9:51  Marine x2  
  47  10:05  Siege Tank  
  46  10:08  Liberator  
  46  10:20  Banshee  
  41  10:45  Marauder  
  41  10:46  Marauder  
  38  10:57  Marine  
  38  11:00  Hellion  
  38  11:01  Hellion  
  39  11:06  Marine  
  38  11:14  Starport Tech Lab  
  38  11:16  Marauder x2  
  42  11:27  Supply Depot, SCV x2  
  42  11:32  Orbital Command  
  44  11:36  Siege Tank  
  47  11:42  Marauder  
  47  11:43  Marauder x2  
  47  11:45  Combat Shields  
  53  11:50  SCV  
  54  12:00  SCV  
  55  12:08  Siege Tank  
  55  12:10  Refinery  
  55  12:13  Banshee  
  61  13:07  SCV  
  61  13:12  SCV x2  
  61  13:15  Marauder  
  61  13:16  Marauder x2  
  61  13:18  Siege Tank  
  70  13:21  Widow Mine x2  
  74  13:28  Banshee  
  77  13:37  Marauder  
  79  13:48  Barracks  
  79  13:50  Barracks  
  79  13:55  SCV x2  
  81  13:58  Refinery  
  81  14:02  Siege Tank  
  84  14:15  Marauder x2  
  88  14:20  Terran Infantry Weapons Level 1, Terran Infantry Armor Level 1  
  88  14:34  Siege Tank  
  88  14:37  Siege Tank  
  94  15:00  Barracks Reactor  
  94  15:02  Barracks Reactor  
  94  15:27  Missile Turret  
  94  15:28  Missile Turret  
  94  15:29  Viking  
  94  15:30  Viking  
  94  15:33  Marine x2  
  94  15:34  Marine  
  101  15:42  Marine  
  99  16:18  Viking x2  
Tags
 
Add a new tag
Caveats
  • Supply blocks, unpowered buildings, or Contaminate may cause inaccurate times.
  • Supply counts are checked every 10 seconds.